 Seeded DCSS version 0.31-a0-986-g5e6e4ef867 (webtiles) character file.

Game seed: 9146616140193149993 (custom seed)

107 Psyclone the Conjurer (level 4, 24/24 HPs)
             Began as a Deep Elf Conjurer on Nov 11, 2023.
             Quit the game on level 2 of the Dungeon.
             The game lasted 00:11:49 (2170 turns).

Psyclone the Conjurer (Deep Elf Conjurer)           Turns: 2170, Time: 00:11:50

Health: 24/24      AC:  4    Str:  4    XL:     4   Next: 57%
Magic:  13/13      EV: 12    Int: 25    God:
Gold:   80         SH:  0    Dex: 13    Spells: 10/13 levels left

rFire   . . .        c - +3 short sword
rCold   . . .        (no shield)
rNeg    . . .        a - +0 robe
rPois   .            (no helmet)
rElec   .            e - +0 cloak
rCorr   .            j - +0 pair of gloves
SInv    +            (no boots)
Will    .....        (no amulet)
Stlth   ++           g - ring of see invisible
HPRegen 0.24/turn    (no ring)
MPRegen 0.13/turn

%: no passive effects
@: no status effects
A: no striking features
a: no special abilities


You were on level 2 of the Dungeon.
You visited 1 branch of the dungeon, and saw 2 of its levels.

You collected 90 gold pieces.
You spent 10 gold pieces at shops.

Inventory:

Hand Weapons
 c - a +3 short sword (weapon)
 h - a +0 short sword of electrocution
Missiles
 f - a throwing net {!f}
Armour
 a - a +0 robe (worn)
 e - a +0 cloak (worn)
 j - a +0 pair of gloves (worn)
Magical Staves
 i - a staff of air
Jewellery
 g - a ring of see invisible (left hand)
Scrolls
 d - 5 scrolls of identify {@r1}
Potions
 b - a potion of magic


   Skills:
 - Level 2.4 Dodging
 - Level 2.4 Stealth
 + Level 5.1 Spellcasting
 + Level 5.6 Conjurations


You had 10 spell levels left.
You knew the following spells:

 Your Spells              Type           Power      Damage    Failure   Level
a - Magic Dart            Conj           100%       1d8       1%          1
b - Searing Ray           Conj           68%        2d6       1%          2

Your spell library contained the following spells:

 Spells                   Type           Power      Damage    Failure   Level
 Dazzling Flash           Conj/Hex       40%        N/A       8%          3
 Blink                    Tloc           12%        N/A       12%         2
 Ensorcelled Hibernation  Hex/Ice        12%        N/A       12%         2
 Passwall                 Tmut/Erth      5%         N/A       12%         2
 Summon Guardian Golem    Hex/Summ       6%         N/A       24%         3
 Swiftness                Air            6%         N/A       24%         3
 Fulminant Prism          Conj/Hex       10%        3d9       26%         4
 Iskenderun's Mystic Bla  Conj/Tloc      20%        2d6       26%         4
 Manifold Assault         Tloc           6%         N/A       63%         4
 Orb of Destruction       Conj           17%        9d7       100%        7
 Spellforged Servitor     Conj/Summ      10%        N/A       100%        7


Dungeon Overview and Level Annotations

Branches:
Dungeon (2/15) Zot: 9846

Altars:

Shops:
D:1 ?[!!?


Message History

You hit the plant.
The plant begins to die.
The plant is lightly damaged.
You hit the plant.
The plant is lightly damaged.
You completely miss the plant.
The plant is lightly damaged.
You hit the plant.
The plant is lightly damaged.
You hit the plant.
The plant is lightly damaged.
A nearby plant withers and dies.
You puncture the fungus!
The fungus begins to die.
The fungus is lightly damaged.
You hit the fungus.
The fungus is lightly damaged.
You hit the fungus.
The fungus is lightly damaged.
You hit the fungus.
The fungus is lightly damaged.
A nearby fungus withers and dies.
Search for what [? for help]? altar Unknown command.
It was a potion of heal wounds.
You feel much better.
Okay, then.
There is a stone staircase leading up here.
You climb upwards.
There is a stone staircase leading down here.
There is a stone staircase leading down here.
You see here 4 poisoned darts.
There is a stone staircase leading down here.
You climb downwards.
There is a stone staircase leading up here.
There is a stone staircase leading up here.
You climb upwards.
There is a stone staircase leading down here.
You climb downwards.
There is a stone staircase leading up here.
Unknown command.
Unknown command.
Are you sure you want to abandon this character and quit the game? (Confirm with "yes".)

#..........##.# ##.##
########.####.# ##...## #.# #.#
##.#.#.## #.# #.# ##.##.##.##
#### #.# #.# #.###.###.# ...# #.#
#.# ##.##.##.## ##.### #.# #.####
##.#.#.## #...###.#
#....######...## #.#.....#
####@......#.## #.#######
#######.#.#
#.###################.#.# #
##..................##.#.########
##..###############.##...........
.#..# #.####.######## ....# #.#
#.# # ...## #.# #.#### # #### #.#
#....#####


There were no monsters in sight!

Vanquished Creatures
  5 gnolls
  2 adders (D:2)
  2 dart slugs (D:2)
  An orc (D:2)
  5 bats
  6 endoplasms
  A giant cockroach (D:1)
  3 goblins (D:1)
  A hobgoblin (D:1)
  2 ball pythons (D:1)
  2 frilled lizards
  6 kobolds (D:2)
  2 rats
38 creatures vanquished.

Notes
Turn   | Place    | Note
-------+----------+-------------------------------------------
     0 | D:1      | Psyclone the Deep Elf Conjurer began the quest for the Orb.
     0 | D:1      | Reached XP level 1. HP: 10/10 MP: 6/6
    56 | D:1      | Found Foutar Ahot's Distillery.
   284 | D:1      | Reached XP level 2. HP: 15/15 MP: 2/8
   366 | D:1      | Found Duvil's Armour Shop.
   520 | D:1      | Found Rorchoim's Distillery.
   545 | D:1      | Bought a potion of degeneration for 10 gold pieces
   613 | D:1      | Found Yxash's Magic Scroll Shoppe.
   751 | D:1      | Found Tost's Magic Scroll Shop.
   844 | D:1      | Reached XP level 3. HP: 19/19 MP: 8/10
   873 | D:1      | Learned a level 2 spell: Searing Ray
   991 | D:2      | Reached skill level 5 in Conjurations
  1070 | D:2      | Reached XP level 4. HP: 23/24 MP: 3/12
  1656 | D:2      | Reached skill level 5 in Spellcasting
  2026 | D:2      | Found a faded altar of an unknown god.
  2170 | D:2      | Quit the game

Illustrated notes

Levels and vault maps discovered:
D:1:      minmay_arrival_five_plusses, layout_basic, serial_shops, shop, shop,
          shop, shop, nicolae_shop_just_a_little_nook
D:2:      layout_loops_ring, shapermc_ecumenical_altar_petra,
          minmay_pentomino_o2

Skill      XL: |  1  2  3  4 |
---------------+-------------+-----
Spellcasting   | 4 5 |  5.1
Conjurations   | 5 |  5.6
Dodging        | |  2.4
Stealth        | |  2.4

Action                     |  1- 3 |  4- 6 || total
---------------------------+-------+-------++-------
  Melee: Short sword       |     9 |    20 ||    29
   Cast: Magic Dart        |    31 |    25 ||    56
         Searing Ray       |     4 |     1 ||     5
    Use: Scroll            |     5 |       ||     5
         Potion            |     3 |     1 ||     4
 Armour: Robe              |     7 |     1 ||     8
  Dodge: Dodged            |    11 |       ||    11

Table legend: (Time is in decaauts)
 A = Elapsed time spent in this place.
 B = Non-inter-level travel time spent in this place.
 C = Inter-level travel time spent in this place.
 D = Time resting spent in this place.
 E = Time spent auto-exploring this place.
 F = Levels seen in this place.
 G = Mean time per level.
                   A        B        C        D        E       F      G
               +--------+--------+--------+--------+--------+-----+--------+
         Total |   2153 |   2018 |    135 |    179 |   1493 |   2 | 1076.5 |
       Dungeon |   2153 |   2018 |    135 |    179 |   1493 |   2 | 1076.5 |
               +--------+--------+--------+--------+--------+-----+--------+

Top non-repeatable levels by time:
     D:2: 1145 daAuts
     D:1: 1008 daAuts
